Map: Blueshift LE

Players

Lambo - Winner!

  • Race: Zerg Zerg
  • League: Grandmaster
  • Spawn Location: 1:00

Harstem

  • Race: Protoss Protoss
  • League: Grandmaster
  • Spawn Location: 7:00

VOD

Have the link to the VOD?

Description

Time

  • Played on: Jan. 10, 2019, 8:32 a.m.
  • Length: 7:21
Show
View Real Time Build Order
Export as new Build Order

Lambo Zerg - Winner!

Build Orders: Hatch First 

Get SALT Encoding   

  12  0:00  Drone  
  13  0:13  Overlord  
  13  0:19  Drone  
  14  0:33  Drone x2  
  16  0:48  Hatchery  
  15  0:52  Drone  
  15  0:56  Drone  
  17  0:59  Drone  
  18  1:10  Extractor  
  17  1:13  Spawning Pool  
  17  1:17  Drone  
  17  1:20  Drone  
  18  1:29  Drone  
  19  1:39  Drone  
  20  1:50  Drone  
  21  2:00  Queen x2, Zergling x2  
  21  2:01  Overlord  
  26  2:11  Drone  
  26  2:12  Drone  
  28  2:22  Drone  
  29  2:25  Drone  
  30  2:34  Hatchery  
  30  2:36  Drone  
  30  2:41  Drone  
  30  2:43  Drone  
  32  2:45  Overlord  
  32  2:55  Drone x2  
  34  2:59  Spore Crawler  
  34  3:05  Spore Crawler  
  32  3:06  Drone  
  32  3:09  Drone x3  
  32  3:11  Queen  
  41  3:12  Drone  
  41  3:13  Drone  
  41  3:17  Drone  
  43  3:22  Lair  
  43  3:26  Overlord, Drone  
  44  3:28  Spore Crawler  
  44  3:29  Drone  
  44  3:39  Extractor  
  44  3:40  Extractor, Drone x2  
  44  3:48  Drone x3  
  47  3:52  Roach Warren  
  47  3:53  Queen  
  47  3:54  Drone  
  50  3:55  Drone  
  50  3:57  Overlord  
  50  3:58  Drone  
  50  4:03  Drone x2  
  50  4:09  Drone x2  
  54  4:13  Spore Crawler  
  54  4:14  Drone x3  
  54  4:16  Metabolic Boost  
  56  4:19  Drone x2  
  56  4:23  Hydralisk Den  
  57  4:24  Drone x2  
  57  4:27  Extractor  
  57  4:28  Spore Crawler  
  57  4:30  Drone  
  56  4:31  Drone  
  56  4:33  Extractor  
  56  4:35  Drone x2  
  56  4:41  Drone x2  
  58  4:47  Drone x2  
  58  4:51  Overlord  
  59  4:53  Overlord  
  59  4:56  Hydralisk  
  61  5:01  Hydralisk x2, Grooved Spines  
  65  5:09  Overlord  
  65  5:10  Hydralisk x2  
  65  5:13  Overseer  
  69  5:14  Hydralisk  
  69  5:17  Overlord  
  69  5:19  Hydralisk  
  73  5:22  Hydralisk  
  73  5:28  Hydralisk x2  
  75  5:35  Hydralisk x2  
  76  5:42  Overlord, Hydralisk  
  79  5:47  Hydralisk  
  79  5:48  Hydralisk  
  85  5:53  Hydralisk  
  87  5:57  Hydralisk  
  87  5:58  Zergling x4  
  87  6:06  Hydralisk x2  
  87  6:07  Overlord  
  87  6:11  Zergling x4  
  93  6:16  Zergling x2  
  94  6:20  Zergling x4  
  94  6:24  Zergling x4  
  98  6:26  Overlord  
  98  6:30  Hydralisk  
  100  6:35  Hydralisk  
  100  6:36  Zergling x4  
  100  6:37  Hydralisk  
  104  6:46  Zergling x12  
  110  6:48  Hydralisk  
  112  6:54  Hydralisk  
  109  7:04  Zergling x4  
Show
View Real Time Build Order
Export as new Build Order

Harstem Protoss 

Build Orders: 1 Gate Expand, Oracle Opening, Zealot Archon, Archon Drop 

Get SALT Encoding   

  12  0:01  Probe  
  13  0:13  Probe  
  14  0:20  Pylon  
  14  0:25  Probe  
  15  0:34  Probe  
  15  0:36  Assimilator  
  15  0:42  Probe  
  16  0:49  Gateway  
  17  0:52  Probe  
  18  1:04  Probe  
  19  1:16  Probe  
  20  1:24  Nexus  
  20  1:33  Probe  
  20  1:35  Cybernetics Core  
  21  1:41  Probe  
  21  1:45  Assimilator  
  22  1:50  Probe, Pylon  
  23  2:02  Adept  
  23  2:08  Probe  
  23  2:14  Stargate  
  26  2:21  Probe  
  26  2:22  Warp Gate  
  27  2:33  Probe x2  
  27  2:35  Stalker  
  30  2:41  Probe  
  31  2:45  Probe  
  31  2:50  Oracle  
  33  2:51  Probe  
  33  2:57  Probe  
  35  3:03  Probe  
  39  3:09  Probe  
  38  3:15  Gateway, Probe  
  38  3:19  Oracle  
  39  3:21  Probe  
  39  3:27  Probe, Pylon  
  40  3:33  Probe  
  45  3:37  Assimilator  
  45  3:39  Assimilator  
  45  3:40  Probe  
  46  3:45  Probe  
  46  3:48  Robotics Facility  
  47  3:52  Probe  
  47  3:54  Pylon  
  48  3:57  Probe  
  49  4:04  Probe  
  49  4:09  Probe  
  51  4:10  Gateway  
  51  4:11  Twilight Council  
  51  4:12  Gateway  
  51  4:16  Probe  
  52  4:18  Pylon  
  52  4:25  Adept, Zealot  
  52  4:29  Warp Prism  
  58  4:48  Nexus  
  58  4:51  Pylon  
  58  4:54  Adept  
  58  4:57  Templar Archives  
  60  5:04  Probe  
  60  5:05  Probe  
  62  5:17  Probe x2  
  64  5:28  Charge  
  64  5:29  Probe x2  
  64  5:34  Immortal  
  63  5:36  High Templar x2  
  63  5:37  High Templar x2  
  63  5:41  Probe x2  
  63  5:42  Gateway, Archon x2  
  69  5:43  Gateway  
  69  5:45  Forge  
  73  5:51  Pylon  
  73  5:53  Probe x2  
  73  5:54  Pylon  
  75  6:05  Probe  
  75  6:08  Immortal  
  76  6:12  Probe  
  76  6:13  Sentry, Zealot x3  
  76  6:14  Probe  
  76  6:17  Probe  
  87  6:24  Probe  
  92  6:27  Probe  
  92  6:28  Pylon  
  93  6:37  Zealot  
  93  6:39  Zealot  
  97  6:44  Zealot x2  
  99  6:48  Zealot  
  99  6:49  Zealot  
  103  6:58  Probe  
  103  7:00  Pylon  
  103  7:01  Zealot x2  
  96  7:07  Zealot x2  
  79  7:09  Zealot  
  79  7:14  Zealot  
Tags
 
Add a new tag
Caveats
  • Supply blocks, unpowered buildings, or Contaminate may cause inaccurate times.
  • Supply counts are checked every 10 seconds.